 Dungeon Crawl Stone Soup version 0.23-a0-8-gb809bb7 (webtiles) character file.

6 Amnesiac the Magician (level 1, -9/13 HPs)
             Began as a Mummy Wizard on Aug 1, 2018.
             Killed from afar by Robin (10 damage)
             ... with a wand of flame (22)
             ... on level 2 of the Dungeon.
             The game lasted 00:00:56 (131 turns).

Amnesiac the Magician (Mummy Wizard)                 Turns: 131, Time: 00:00:56

Health: -9/13      AC:  2    Str: 10    XL:     1   Next: 75%
Magic:  3/6        EV: 12    Int: 17    God:
Gold:   0          SH:  0    Dex: 10    Spells: 8/9 levels left

rFire    x . .     SeeInvis .   c - +0 dagger
rCold    + . .     Gourm    .   (no shield)
rNeg     + + +     Faith    .   a - +0 robe
rPois    ∞         Spirit   .   (no helmet)
rElec    .         Reflect  .   (no cloak)
rCorr    .         Harm     .   (no gloves)
MR       .....                  (no boots)
Stlth    ++........             (no amulet)
HPRegen  0.04/turn              (no ring)
MPRegen  0.10/turn              (no ring)

@: no status effects
A: no food or potions, fire vulnerability, cold resistance 1, negative energy
resistance 3, torment resistance, unbreathing
a: no special abilities


You were on level 2 of the Dungeon.
You were not hungry.

You visited 1 branch of the dungeon, and saw 2 of its levels.

Inventory:

Hand Weapons
 c - a +0 dagger (weapon)
Missiles
 b - 11 stones (quivered)
Armour
 a - a +0 robe (worn)


   Skills:
 - Level 1.5 Dodging
 - Level 1.5 Stealth
 + Level 4.5 Spellcasting
 - Level 0.7 Conjurations
   Level 0.7 Summonings
   Level 0.7 Translocations


You had 8 spell levels left.
You knew the following spells:

 Your Spells              Type           Power        Failure   Level  Hunger
a - Magic Dart            Conj           #...         11%         1    N/A

Your spell library contained the following spells:

 Spells                   Type           Power        Failure   Level  Hunger
 Conjure Flame            Conj/Fire      #.......     36%         3    N/A
 Slow                     Hex            #.......     22%         2    N/A
 Mephitic Cloud           Conj/Pois/Air  #.......     38%         3    N/A
 Blink                    Tloc           N/A          17%         2    N/A
 Call Imp                 Summ           #.......     17%         2    N/A

Dungeon Overview and Level Annotations

Branches:
Dungeon (2/15)

Altars:

Annotations:
D:2 Robin


Innate Abilities, Weirdness & Mutations

You do not eat or drink.
Your flesh is vulnerable to fire.
You are immune to poison.
Your flesh is cold resistant. (rC+)
You are immune to negative energy. (rN+++)
You are immune to unholy pain and torment.
You can survive without breathing.


Message History

The goblin is moderately wounded.
The goblin hits you with a dagger.
You hit the goblin.
The goblin is severely wounded.
The goblin misses you.
Casting: Magic Dart (safe; 12% risk of failure)
Confirm with . or Enter, or press ? or * to list all spells.
Aiming: Magic Dart (safe; 12% risk of failure)
Press: ? - help, Shift-Dir - straight line, f - goblin
Aim: a goblin, wielding a dagger (severely wounded)
The magic dart hits the goblin.
You kill the goblin!
You start resting.
HP restored.
Drop what? 3/52 slots (_ for help) (? for menu, Esc to quit)
You drop a +0 hat.
You start resting.
Magic restored.
Found a stone staircase leading down.
Things that are here:
a dagger; a goblin corpse A jackal comes into view.
A jackal is nearby!
A jackal is nearby!
There is a stone staircase leading down here.
You climb downwards.
Found 11 stones.
There is a stone staircase leading up here.
You see here 11 stones.
b - 11 stones An adder, 4 goblins and a hobgoblin come into view.
A goblin is wielding a dagger of venom.
The goblin shouts!
You hear a shout!
A bat comes into view.
Robin of the Strong Arm comes into view.
She is wielding a spear.
The goblin moves out of view.
The adder moves out of view.
You hear an angry hiss.
Robin shouts!
You hear a shout!
Found 13 gold pieces.
The bat barely misses you. The bat closely misses you.
The bat completely misses you.
There is a stone staircase leading up here.
Casting: Magic Dart (safe; 11% risk of failure)
Confirm with . or Enter, or press ? or * to list all spells.
Aiming: Magic Dart (safe; 11% risk of failure)
Press: ? - help, Shift-Dir - straight line, f - bat
Aim: a bat The magic dart hits the bat.
You kill the bat!
Unknown command.
Casting: Magic Dart (safe; 11% risk of failure)
Confirm with . or Enter, or press ? or * to list all spells.
Aiming: Magic Dart (safe; 11% risk of failure)
Press: ? - help, Shift-Dir - straight line, f - goblin
Aim: a goblin, wielding a dagger The magic dart hits the goblin.
The goblin is heavily wounded.
Robin zaps a wand.
The puff of flame hits you! The fire burns you terribly!
Ouch! That really hurt!
* * * LOW HITPOINT WARNING * * *
It is a wand of flame (22).
Robin zaps a wand.
The puff of flame hits you! The fire burns you terribly!
Ouch! That really hurt!
You die...

..#.# #####..#.#
#.........
#.........
#.........
#.........
####.........
##....@......##.
##............#..
#......g........#
#.........g....#
#..............#
#..............#
#..............#
##........g....#
##..........#...


You could see Robin and 2 goblins.

Vanquished Creatures
  A dart slug (D:1)
  2 goblins (D:1)
  A bat (D:2)
4 creatures vanquished.

Notes
Turn   | Place    | Note
-------+----------+-------------------------------------------
     0 | D:1      | Amnesiac the Mummy Wizard began the quest for the Orb.
     0 | D:1      | Reached XP level 1. HP: 13/13 MP: 5/5
   120 | D:2      | Noticed Robin
   131 | D:2      | Killed from afar by Robin

Vault maps used:
D:1:      eino_arrival_tree_alley, hangedman_feature_mirror
D:2:      lemuel_coloured_pillars_altar, hangedman_decor_peaks_small,
          nicolae_dithmenos_shadow_blocks, uniq_robin

Action                   || total
-------------------------++-------
Melee: Dagger            ||     2
 Cast: Magic Dart        ||    10
Armor: Robe              ||     1
Dodge: Dodged            ||     5

Table legend:
 A = Spawn XP
 B = Non-spawn XP
 C = Spawn XP percentage of total XP
 D = Spawn monster count
 E = Non-spawn monster count
 F = Spawn count percentage of total count
 G = Total turns spent on level
                    A         B        C        D         E        F      G
               +---------+---------+-------+---------+---------+-------+---------
         Total |       0 |       9 |   0.0 |       0 |       4 |   0.0 |   131
               +---------+---------+-------+---------+---------+-------+---------
           D:1 |       0 |       8 |   0.0 |       0 |       3 |   0.0 |   106
           D:2 |       0 |       1 |   0.0 |       0 |       1 |   0.0 |    25
               +---------+---------+-------+---------+---------+-------+---------
